 Dungeon Crawl Stone Soup version 0.28-a0-1638-g9123634e07 (webtiles) character file.

Game seed: 7765471412696502128

607 fragbeetle the Chopper (level 7, -1/61 HPs)
             Began as a Hill Orc Cinder Acolyte on Jan 26, 2022.
             Was a High Priest of Ignis.
             Slain by Pikel (4 damage)
             ... on level 4 of the Dungeon.
             The game lasted 00:08:11 (4566 turns).

fragbeetle the Chopper (Hill Orc Cinder Acolyte)    Turns: 4566, Time: 00:08:12

Health: -1/61      AC: 10    Str: 19    XL:     7   Next: 43%
Magic:  10/10      EV: 11    Int: 14    God:    Ignis [*****.]
Gold:   113        SH:  0    Dex:  6    Spells: 8/10 levels left

rFire   + . .      SeeInvis .   f - +2 mace (vorpal)
rCold   . . .      Faith    .   (no shield)
rNeg    . . .      Spirit   .   w - +0 leather armour
rPois   .          Reflect  .   (no helmet)
rElec   .          Harm     .   p - scarf {repulsion}
rCorr   .          Rampage  .   (no gloves)
Will    .....                   (no boots)
Stlth   +.........              (no amulet)
HPRegen 0.20/turn               (no ring)
MPRegen 0.12/turn               (no ring)

@: fiery-armoured, flying, repel missiles
A: no striking features
a: Renounce Religion, Fiery Armour, Foxfire Swarm, Rising Flame


You were on level 4 of the Dungeon.
You worshipped Ignis.
Ignis was extremely pleased with you.
You visited 2 branches of the dungeon, and saw 5 of its levels.

You collected 113 gold pieces.

Inventory:

Hand Weapons
 a - a -1 hand axe of flaming
 f - a +2 vorpal mace (weapon)
Missiles
 d - 4 poisoned darts
Armour
 b - a +0 robe
 n - the +1 robe of the Beginning {Int-4 Dex+4 SInv}
   (You found it on level 2 of the Dungeon)

   Int:       It affects your intelligence (-4).
   Dex:       It affects your dexterity (+4).
   SInv:      It lets you see invisible.
 o - a scarf of invisibility
 p - a scarf of repulsion (worn)
 w - a +0 leather armour (worn)
Scrolls
 e - a scroll of torment {unknown}
 g - 3 scrolls of enchant armour {unknown}
 h - 3 scrolls of teleportation {unknown}
 j - a scroll of holy word {unknown}
 k - a scroll of blinking {unknown}
 l - a scroll of fog {unknown}
 q - a scroll of enchant weapon {unknown}
 r - 3 scrolls of identify {unknown}
 t - 2 scrolls of amnesia {unknown}
Potions
 c - 2 potions of degeneration {unknown}
 i - a potion of berserk rage {unknown}
 m - 2 potions of flight
 s - a potion of brilliance {unknown}
 u - 2 potions of curing {unknown}
 v - a potion of heal wounds {unknown}
 x - a potion of resistance {unknown}


   Skills:
 + Level 5.1 Fighting
 * Level 7.1 Axes
 + Level 2.4 Spellcasting
 * Level 5.9 Fire Magic


You had 8 spell levels left.
You knew the following spells:

 Your Spells              Type           Power      Damage    Failure   Level
a - Scorch                Fire           36%        2d6       3%          2

Your spell library contained the following spells:

 Spells                   Type           Power      Damage    Failure   Level
 Beastly Appendage        Tmut           2%         N/A       26%         1
 Wereblood                Tmut           1%         N/A       38%         2
 Ozocubu's Armour         Ice            1%         N/A       63%         3
 Spider Form              Tmut/Pois      1%         N/A       63%         3
 Tukima's Dance           Hex            1%         N/A       63%         3
 Anguish                  Hex/Necr       0%         N/A       95%         4
 Enfeeble                 Hex            0%         N/A       100%        7
 Ozocubu's Refrigeration  Ice            0%         4d5       100%        7


Dungeon Overview and Level Annotations

Branches:
Dungeon (4/15)             Temple (1/1) D:4

Altars:
Ashenzari
Cheibriados
Dithmenos
Elyvilon
Fedhas
Gozag
Hepliaklqana
Kikubaaqudgha
Nemelex Xobeh
Okawaru
Qazlal
Ru
Sif Muna
Uskayaw
Vehumet
Wu Jian
Xom
Yredelemnul
Zin
The Shining One

Shops:
D:2 *   D:4 :(

Annotations:
D:4 Pikel


Message History

Your foxfire dissipates!
The foxfire hits Pikel.
Pikel is moderately wounded.
The foxfire hits Pikel.
Pikel is moderately wounded.
The foxfire hits the lemure.
The lemure is lightly wounded.
The foxfire hits Pikel.
Pikel is moderately wounded.
The foxfire hits Pikel but does no damage.
Pikel is moderately wounded.
The foxfire hits the lemure.
The lemure is moderately wounded.
The foxfire hits Pikel.
Pikel is moderately wounded.
The foxfire hits Pikel.
Pikel is heavily wounded.
The foxfire hits Pikel but does no damage.
Pikel is heavily wounded.
The foxfire hits Pikel but does no damage.
Pikel is heavily wounded.
The foxfire hits Pikel but does no damage.
Pikel is heavily wounded.
The foxfire hits Pikel but does no damage.
Pikel is heavily wounded.
The foxfire hits Pikel.
Pikel is heavily wounded.
The foxfire hits the lemure.
The lemure is heavily wounded.
The foxfire hits Pikel.
Pikel is heavily wounded.
The foxfire hits Pikel.
Pikel is severely wounded.
The foxfire hits Pikel.
Pikel is severely wounded.
It was a potion of flight.
You feel very buoyant.
You fly up into the air.
Pikel hits you with a +2 whip of flaming.
You die...

##########
#.(......# ##
#........# #.
#..§§§§§.# #.
#.§§§@§§.##### #.
#....K.§.....#
##.
#...5..§.###.####
#.. ####.5####
#....####'# ##.#
####..#.... #5#
##.#.### #5##
#.'.'># #..#
###.### ##.###
#.)..


You could see Pikel (fast) and 4 lemures.

Vanquished Creatures
  An acid dragon (D:4)
  A scorpion (D:2)
  A water moccasin skeleton (D:4)
  A hound (D:4)
  A jelly (D:4)
  An orc priest (D:4)
  A bullfrog skeleton (D:4)
  An iguana (D:4)
  3 orc wizards
  4 gnolls (D:2)
  5 adders
  A worm (D:3)
  4 dart slugs
  9 orcs
  3 ball pythons
  4 bats
  4 endoplasms
  5 goblins
  7 hobgoblins
  6 jackals
  4 quokkas
  6 kobolds
  5 rats
78 creatures vanquished.

Vanquished Creatures (others)
  16 foxfires (D:4)
16 creatures vanquished.

Grand Total: 94 creatures vanquished

Notes
Turn   | Place    | Note
-------+----------+-------------------------------------------
     0 | D:1      | fragbeetle the Hill Orc Cinder Acolyte began the quest for
                  | the Orb.
     0 | D:1      | Reached XP level 1. HP: 19/19 MP: 2/2
    11 | D:1      | You fall into a shaft and drop 1 floor!
    22 | D:1      | Found a faded altar of an unknown god.
   232 | D:1      | Reached XP level 2. HP: 25/27 MP: 3/3
   235 | D:1      | Learned a level 2 spell: Scorch
   956 | D:2      | Found a shimmering altar of Xom.
  1049 | D:2      | Reached XP level 3. HP: 33/33 MP: 1/4
  1106 | D:2      | Reached XP level 4. HP: 7/40 MP: 0/6
  1370 | D:2      | Found Pedoukh's Assorted Antiques.
  1453 | D:2      | Identified the +1 robe of the Beginning {Int-4 Dex+4 SInv}
  1635 | D:2      | Noticed a scorpion
  1646 | D:2      | Reached skill level 5 in Axes
  1755 | D:2      | Killed a scorpion
  1756 | D:2      | Reached XP level 5. HP: 47/47 MP: 0/7
  2863 | D:4      | Noticed a lemure
  2863 | D:4      | Noticed a lemure
  2935 | D:3      | Reached XP level 6. HP: 10/53 MP: 3/8
  3212 | D:4      | Reached skill level 6 in Axes
  3212 | D:4      | Reached skill level 5 in Fire Magic
  3299 | D:4      | Found Pent's Antique Weapon Boutique.
  3731 | D:4      | Identified the +1 chain mail "Banett" {*Slow +Inv rN+
                  | Will++}
  3741 | D:4      | Found a staircase to the Ecumenical Temple.
  3777 | Temple   | Entered the Ecumenical Temple
  4289 | D:4      | Noticed an acid dragon
  4290 | D:4      | Found Ifomma's Book Boutique.
  4298 | D:4      | Killed an acid dragon
  4299 | D:4      | Reached skill level 5 in Fighting
  4299 | D:4      | Reached XP level 7. HP: 38/61 MP: 3/10
  4405 | D:4      | Reached skill level 7 in Axes
  4516 | D:4      | Noticed Pikel
  4564 | D:4      | HP: 3/61 [Pikel (2)]
  4566 | D:4      | Slain by Pikel

Illustrated notes

Levels and vault maps discovered:
D:1:      minmay_arrival_four_houses, layout_loops_ring,
          hellmonk_ecumenical_altar_run_dry, minmay_crystal_room
D:2:      layout_basic, basic_altar, serial_shops, shop
D:3:      layout_rooms
D:4:      layout_rooms, minmay_temple_entry_glassed_door, serial_shops,
          nicolae_shop_bloodbath_and_beyond, nicolae_shop_crystal,
          nicolae_stop_n_shop_1, nicolae_shop_trees, chequers_arboretum,
          uniq_pikel
Temple:   mainiacjoe_temple_cubbyholes

Skill      XL: |  1  2  3  4  5  6  7 |
---------------+----------------------+-----
Fighting       | 4 5 |  5.1
Fire Magic     | 4 5 |  5.9
Axes           | 5 6 7 |  7.1
Spellcasting   | 2 |  2.4

Action                   |  1- 3 |  4- 6 |  7- 9 || total
-------------------------+-------+-------+-------++-------
Melee: Hand axe          |    15 |       |       ||    15
       Mace              |    31 |   119 |    17 ||   167
       Punch             |       |     6 |     1 ||     7
Throw: Dart              |     1 |       |       ||     1
 Cast: Scorch            |     4 |    36 |     4 ||    44
Invok: Foxfire Swarm     |       |       |     1 ||     1
       Fiery Armour      |       |       |     1 ||     1
  Use: Potion            |       |       |     1 ||     1
Armor: Robe              |     4 |    19 |       ||    23
       Leather armour    |       |     6 |     1 ||     7
Dodge: Dodged            |    22 |    98 |    14 ||   134
       Repelled          |       |       |     1 ||     1

Table legend: (Time is in decaauts)
 A = Elapsed time spent in this place.
 B = Non-inter-level travel time spent in this place.
 C = Inter-level travel time spent in this place.
 D = Time resting spent in this place.
 E = Time spent auto-exploring this place.
 F = Levels seen in this place.
 G = Mean time per level.
                   A        B        C        D        E       F      G
               +--------+--------+--------+--------+--------+-----+--------+
         Total |   4614 |   4426 |    188 |    249 |   3439 |   5 |  922.8 |
       Dungeon |   4271 |   4136 |    135 |    249 |   3150 |   4 | 1067.8 |
        Temple |    342 |    289 |     53 |      0 |    289 |   1 |  342.0 |
               +--------+--------+--------+--------+--------+-----+--------+

Top non-repeatable levels by time:
     D:2: 1411 daAuts
     D:3: 1062 daAuts
     D:4: 958 daAuts
     D:1: 838 daAuts
  Temple: 342 daAuts
